 BcadrenCrawl: Boulder Brew version 0.06.7.3-23-g1ca577db0e (webtiles) character file.

Game seed: 10784201250585292927

20871 MackTheKnife the Fighter (level 12, 0/138 HPs) Lignifite Summoner. Began on Nov 17, 2023. Was a Believer of Ashenzari. Killed from afar by a giraffe zombie (64 damage) ... with an exploding inner flame ... on level 1 of the Lair of Beasts. The game lasted 00:38:43 (12553 turns).

MackTheKnife the Fighter (Lignifite Summoner)      Turns: 12553, Time: 00:38:44

Health: 0/138      AC:  3    Str: 19    XL:     12 ^: 8216
Magic:  16/16      EV: 16    Int: 21    God:    Ashenzari [2* [53]]
Gold:   184        SH:  5    Dex: 12    Spells: 4/15 levels left

rFire    x . .     Slash    .   J - +7 Klown Katapult {molten, Pie, (Curse: Fragile)} (curse)
rCold    + . .     Pierce   +   (no weapon)
rNeg     + . .     Bludgeon .   Q - +0 acid dragon scales (curse) {(Curse: Fragile)}
rCorr    + . .     Vision   .   (helmet restricted)
rPois    +         Faith    +   (no cloak)
rElec    .                      (gloves unavailable)
MR       +....                  (boots unavailable)
HPRegen  0.56/turn              L - amulet of faith (curse) {(Curse: Fragile), !P}
MPRegen  0.26/turn              v - ring "Kezirher" {rPois rN+ Str+7, (Curse: Fragile)} (curse)
Stlth    +.........             g - ring of the Soothsayer {rPois rC+ Str-3 Int+4 Slay+5, (Curse: *Drain Fragile)} (curse)

@: about to teleport, lightly drained, quick
A: branches (SH +, roots, deformed body 1, speed 1, poison resistance, slow
metabolism 1, torment resistance, plant, woody flesh (rF-) 1, rot immunity,
barkskin
a: Plant Roots, Renounce Religion, Curse Item


You were on level 1 of the Lair of Beasts.
You worshipped Ashenzari.
Ashenzari was pleased with you.
You were not hungry.

You visited 3 branches of the dungeon, and saw 8 of its levels.
You also visited: Bailey.

You collected 386 gold pieces.
You spent 202 gold pieces at shops.


Innate Abilities, Weirdness & Mutations

A tangle of shorter branches protects your body from attack. (SH +5)
You can plant your roots to grant stasis and boost your AC and Regeneration.
Uprooting yourself takes awhile, however.
Armour fits poorly on your strangely shaped body.
You cover ground quickly.
Your system is resistant to poisons. (rPois)
You have a slow metabolism.
You are immune to unholy pain and torment.
You require very little carbon dioxide to survive.
Your woody flesh burns easily. (rF-)
You are immune to rotting.
Your bark is difficult to pierce. (rPiercing+)


   Skills:
 + Level 11.6(11.4) Fighting
 - Level 10.5(13.5) Slings
 - Level 9.5(9.2) Dodging
 - Level 1.7(1.5) Stealth
 - Level 2.1(1.9) Spellcasting
 - Level 10.0(12.9) Summonings
 - Level 6.0(9.2) Air Magic


You had 4 spell levels left.
You knew the following spells:

 Your Spells              Type           Power        Failure   Level  Hunger
a - Summon Small Mammal Summ 54 (200) 1% 1 0-19 b - Call Canine Familiar Summ 54 (100) 1% 2 39-79 c - Call Chameleon Summ 54 (200) 1% 3 79-139 d - Summon Lightning Spi Summ/Air       48 (100)     4%          5    279-439

Your spell library contained the following spells:

 Spells                   Type           Power        Failure   Level  Hunger
 Shock Air 25 (25) 1% 1 0-19 Summon Ice Beast Ice/Summ 29 (100) 11% 4 159-259 Confusing Touch Hex 3 (50) 16% 1 0-19 Flame Tongue Fire 3 (30) 16% 1 0-19 Magic Candle Hex/Fire 3 (90) 16% 1 0-19 Corpse Rot Tmut/Necr N/A 22% 2 39-79 Still Winds Hex/Air 22 (200) 24% 4 159-259 Conjure Flame Fire 3 (100) 41% 3 79-139 Inner Flame Hex/Fire 3 (100) 41% 3 79-139 Ice Form Ice/Tmut 3 (100) 83% 4 159-259 Olgreb's Toxic Radiance Pois 3 (100) 83% 4 159-259 Bolt of Draining Necr 3 (200) 99% 5 279-439 Excruciating Wounds Chrm/Necr 3 (200) 99% 5 279-439 Sublimation of Blood Necr           Unusable     N/A         2    N/A

Inventory:

Weapons
 J - the cursed +7 Klown Katapult (weapon) {molten, Pie, (Curse: Fragile)}
   (You took it off a wizard on level 5 of the Dungeon)

   It melts metal ammo placed within it; making them malleable so they can
   partially ignore armour.
   Causes less base damage than a standard weapon; but partially ignores enemy's
   defense, occasionally melts through shields, and burns causing additional
   damage to those that don't resist heat.
   It has a curse placed upon it.
   { (Curse: Fragile)} Shields
 w - a +1 heater shield of protection
   (You bought it in a shop on level 2 of the Dungeon)
Armour
 t - a +0 troll leather
   (You found it on level 6 of the Dungeon)
 Q - cursed +0 acid dragon scales (worn) {(Curse: Fragile)}
   (You found it on level 6 of the Dungeon)
 U - a +0 robe of the Archmagi
   (You found it on level 6 of the Dungeon)
Jewellery
 g - the cursed ring of the Soothsayer (right hand) {rPois rC+ Str-3 Int+4 Slay+5, (Curse: *Drain Fragile)}
   (You took it off an orc on level 3 of the Dungeon)

   [ring of slaying]

   It affects your strength (-3).
   It affects your intelligence (+4).
   It affects your accuracy and damage with ranged weapons and melee attacks
   (+5).
   It protects you from cold.
   It protects you from poison.
   It has a curse placed upon it.
   { (Curse: *Drain Fragile)}
 s - a cursed ring of wizardry {(Curse: *Tele)}
   (You took it off an orc on level 3 of the Dungeon)
 v - the cursed ring "Kezirher" (left hand) {rPois rN+ Str+7, (Curse: Fragile)}
   (You took it off an orc on level 6 of the Dungeon)

   [ring of positive energy]

   It affects your strength (+7).
   It protects you from poison.
   It protects you from negative energy.
   It has a curse placed upon it.
   { (Curse: Fragile)}
 A - an uncursed ring of fire
   (You found it on level 4 of the Dungeon)
 D - an uncursed ring of protection from magic
   (You found it on level 4 of the Dungeon)
 F - a cursed ring of evasion {(Curse: *Tele)}
   (You took it off a kobold on level 5 of the Dungeon)
 G - an uncursed ring of intelligence
   (You took it off an orc warrior on level 6 of the Dungeon)
 L - a cursed amulet of faith (around neck) {(Curse: Fragile), !P}
   (You took it off a hobgoblin in a bailey)
 M - a cursed ring of magical power {(Curse: Str-2)}
   (You took it off a wizard on level 5 of the Dungeon)
 R - a cursed ring of stealth {(Curse: -Vis)}
   (You took it off Jorgrun on level 6 of the Dungeon)
 T - an uncursed ring of strength
   (You found it on level 6 of the Dungeon)
Wands
 x - a wand of flame (16)
   (You took it off a big kobold on level 3 of the Dungeon)
 I - a wand of iceblast (1)
   (You took it off an orc wizard on level 4 of the Dungeon)
Scrolls
 b - 3 scrolls of enchantment
 i - 5 scrolls of teleportation {@r4}
 k - a scroll of vulnerability {!r!r}
 n - a scroll of gravitation {!r}
 q - 2 scrolls of blinking {!r}
 y - 2 scrolls of magic mapping {!r}
 C - a scroll of silence {!r!r}
Potions
 d - 3 potions of magic
 f - 3 potions of berserk rage {!q}
 h - 2 potions of haste {@q3}
 j - 4 potions of curing {@q1}
 l - a potion of brilliance
 p - 4 potions of heal wounds {@q2}
 u - 3 potions of might
 z - 2 potions of lignification
 E - a potion of mutation {!q}
 H - a potion of ambrosia
 O - a potion of cancellation
 P - 2 potions of invisibility
Miscellaneous
 e - 2 empty bottles
 B - a lightning rod (3/4)
   (You found it on level 4 of the Dungeon)
 K - a phantom mirror
   (You found it on level 5 of the Dungeon)
 N - a sack of spiders (2/2)
   (You found it on level 5 of the Dungeon)
Comestibles
 c - 17 rations {@e2}
 S - 7 chunks of flesh {@e1}

Dungeon Overview and Level Annotations

Branches:
Dungeon (6/8)              Temple (1/1) D:4            Lair (1/6) D:5
    Orc (0/2) D:6          Bailey (visited)

Altars:
Ashenzari
Cheibriados
Dithmenos
Elyvilon
Fedhas Madash
Gozag Ym Sagoz
Hepliaklqana
Kikubaaqudgha
Makhleb
Nemelex Xobeh
Okawaru
Qazlal
Ru
Sif Muna
Trog
Uskayaw
Vehumet
Wu Jian
Xom
Yredelemnul
Zin
The Shining One

Shops:
D:2 (

Annotations:
D:6 exclusion: 2 doors

,, ,* *
,....^#####Z§..Z ,
.8........§§§8s., ,
...%.....§§§§§§. *
.Z.Z.....§§§§.§# *
8 ,
..^.%ZZZ.§§§§§§# ,
, .........§§§§§..,
, ......Z.%.§§§§..
, .Z§..W.@..§§§§..
sZ§Z...§§§§§§§.., *
,, **
.§§§..§§§§§§§§..
,,, ,
..§§§.§§§§§^..Z. ,
, *
,,..§§§§.§§§§W....,
, ,
,,..§§§§..........
, .Z.§§...Z....^.#
M..Z§.ZM.......# ,,
.......^.^.....


You could see an eidolon (inner flame, dazed), 2 guardian mummies, a wraith
(inner flame, dazed), a scorpion, a bone scorpion (wandering), a water moccasin
zombie, a crocodile zombie (inner flame, dazed), an eight-headed hydra zombie, a
seven-headed hydra zombie (inner flame, dazed), a spiny frog zombie, a wyvern
zombie (inner flame, dazed), a rime drake zombie, a giraffe zombie, 2 komodo
dragon skeletons, a black mamba skeleton, 2 porcupine skeletons, an elephant
skeleton, a spiny frog skeleton (inner flame, dazed) and a rime drake skeleton.


Message History

The wolf zombie explodes!
The fiery explosion engulfs you (40)!!! The fire burns you terribly!
* * * LOW HITPOINT WARNING * * *
The spiny frog zombie is engulfed in blazing flames (14)!
The spiny frog zombie explodes!
The fiery explosion engulfs the wolf zombie (33)!!
You destroy the wolf zombie!
The eidolon is engulfed in blazing flames (14)!
The eidolon is lost in a daze.
Your life force feels restored.
Your Fighting skill increases to level 11! 😨 HP[-70]
You take 70 damage, and now have 68/138 hp.
MASSIVE DAMAGE!! (PAUSE) Unknown command.
Unknown command.
A giraffe zombie comes into view.
The eidolon is lost in a daze.
The wyvern zombie is lost in a daze.
A komodo dragon skeleton comes into view.
The eight-headed hydra zombie is engulfed in blazing flames (16)!
An elephant skeleton comes into view.
The guardian mummy is lost in a daze.
The seven-headed hydra zombie is lost in a daze.
Unknown command.
Unknown command.
Unknown command.
Unknown command.
You feel much better.
The eidolon is engulfed in blazing flames (11)!
The eidolon explodes!
The fiery explosion engulfs the spiny frog zombie (39)!!!
The spiny frog zombie explodes!
A bone scorpion comes into view.
The scorpion is engulfed in blazing flames (14)!
The giraffe zombie is engulfed in blazing flames (15)!
The giraffe zombie is lost in a daze.
The eidolon is lost in a daze.
A komodo dragon skeleton comes into view.
The crocodile skeleton is lost in a daze.
The elephant skeleton is engulfed in blazing flames (16)!
The elephant skeleton is lost in a daze.
The guardian mummy is lost in a daze.
A spiny frog zombie comes into view.
The eight-headed hydra zombie is engulfed in blazing flames (6).
Unknown command.
Unknown command. 😮 HP[+17]
You regained 17 hp, and now have 85/138 hp.
Unknown command.
Unknown command.
Unknown command.
Evoke which item? (* to show all) (? for menu, Esc to quit)
Aiming: Thunderbolt
Press: ? - help, Shift-Dir - straight line, f - wraith
Aim: a wraith (93%, 86% to-hit, severely damaged (9/34), 73% (Melee), inner flame, dazed)
The thunderbolt hits the wraith (8)!
You hear an angry hiss.
The wyvern zombie is lost in a daze.
The giraffe zombie is engulfed in blazing flames (8)!
The giraffe zombie gores you from afar (5).
A porcupine skeleton comes into view.
The scorpion is engulfed in blazing flames (5).
The scorpion explodes!
The eidolon stares piercingly at you.
The bolt of negative energy hits the giraffe zombie.
The giraffe zombie completely resists.
The bolt of negative energy hits you (10)!
You partially resist.
You feel drained.
A guardian mummy comes into view.
A porcupine skeleton comes into view.
The wraith is lost in a daze. 😮 HP[-15]
You take 15 damage, and now have 70/138 hp.
Unknown command.
Unknown command.
Unknown command.
As you read the scroll of teleportation {@r4}, it crumbles to dust.
You feel strangely unstable.
A water moccasin zombie comes into view.
The black mamba skeleton bites you (7)! You resist.
* * * LOW HITPOINT WARNING * * *
A rime drake zombie comes into view.
A rime drake skeleton comes into view.
The giraffe zombie is engulfed in blazing flames (8)!
The giraffe zombie is lost in a daze.
A scorpion comes into view.
The eidolon is lost in a daze.
A bone scorpion comes into view.
The elephant skeleton is engulfed in blazing flames (15)!
The elephant skeleton explodes!
The fiery explosion engulfs the giraffe zombie (35)!!
The fiery explosion engulfs the scorpion (41)!!!
The fiery explosion engulfs the crocodile skeleton (38)!!!
The fiery explosion engulfs the eidolon (43)!!!
The fiery explosion engulfs the bone scorpion (32)!!
You destroy the bone scorpion!
The crocodile skeleton explodes!
The scorpion explodes!
The fiery explosion engulfs the giraffe zombie (17)!
The giraffe zombie explodes!
The fiery explosion engulfs your lifeless body (64)!!!
The fire burns you terribly!
You die...

Skill      XL: |  1  2  3  4  5  6  7  8  9 10 11 12 |
---------------+-------------------------------------+-----
Summonings     | 5 6 7 8 10 | 10.0
Dodging        | 2 4 9 |  9.5
Fighting       | 1 4 10 11 | 11.6
Air Magic      | 4 6 |  6.0
Slings         | 1 9 10 | 10.5
Stealth        | |  1.7
Spellcasting   | |  2.1

Action                   |  1- 3 |  4- 6 |  7- 9 | 10-12 || total
-------------------------+-------+-------+-------+-------++-------
Melee: Spear             |    71 |    46 |    29 |       ||   146
       Unarmed           |    43 |    35 |    68 |    72 ||   218
       Trident           |       |       |    19 |       ||    19
       Nunchaku          |       |       |    36 |       ||    36
       Short sword       |       |       |     6 |       ||     6
       Dagger            |       |       |    18 |    15 ||    33
 Fire: Triple crossbow   |       |       |    41 |       ||    41
       Katapult          |       |       |       |   202 ||   202
 Cast: Summon Small Mamm |    27 |       |       |       ||    27
       Call Canine Famil |     4 |     1 |       |       ||     5
       Call Chameleon    |       |    40 |   155 |    73 ||   268
       Summon Lightning  |       |       |       |     4 ||     4
Invok: Curse Item        |       |       |     7 |     3 ||    10
Evoke: Lightning rod     |       |       |     3 |     1 ||     4
       Wand              |       |       |     1 |       ||     1
       Sack of spiders   |       |       |       |     1 ||     1
  Use: Scroll            |       |       |     1 |     4 ||     5
       Potion            |       |       |     1 |     1 ||     2
 Stab: Distracted        |     2 |     1 |     1 |       ||     4
       Sleeping          |     1 |       |     1 |       ||     2
  Eat: Chunk             |       |     3 |    22 |    14 ||    39
       Ration            |       |     1 |     4 |     1 ||     6
Armor: Robe              |     8 |     1 |    42 |    42 ||    93
Dodge: Dodged            |    37 |    19 |    64 |    83 ||   203
Block: Other             |       |     2 |    12 |    25 ||    39
       Nunchaku          |       |       |    18 |       ||    18

Levels and vault maps discovered:
D:1:      scummos_arrival_checkerplants, layout_loops_ring
D:2:      layout_sewer, sewer_frog_pond, serial_shops, nicolae_shop_statue_plus,
          uniq_duvessa
D:3:      layout_basic, first_ration, blue_anna_alchemist
          [blue_anna_fruit_fields, blue_anna_fruit_fields], serial_bayou_ford_a,
          kennysheep_generic_room_15
D:4:      layout_irregular_city, minmay_temple_entry_crystal_x
D:5:      minmay_the_grid_octo_tiled_octocenter [minmay_the_grid_octo_horde,
          minmay_the_grid_octo_tetromino_candy, minmay_the_grid_octo_shrine,
          minmay_the_grid_octo_fan_narrow, minmay_the_grid_octo_prize_star,
          minmay_the_grid_square_5x5_three,
          minmay_the_grid_square_5x5_two_walls_b, minmay_the_grid_square_5x5_z,
          minmay_the_grid_square_5x5_comb], layout_loops_cross,
          erik_lair_orcish_takeover, enter_bailey_5
D:6:      layout_roguey, gammafunk_temple_overflow_forgotten,
          nicolae_overflow_crystal_walls, small_chamber_with_monster,
          uniq_jorgrun, uniq_circe, uniq_josephine
Temple:   regret_index_temple_mists
Lair:1:   layout_hall_layers, ossuary_minmay_tomb_2a

Notes
Turn   | Place    | Note
-------+----------+-------------------------------------------
     0 | D:1      | MackTheKnife the Lignifite Summoner began the quest for the
                  | Orb.
     0 | D:1      | Reached XP level 1. HP: 24/24 MP: 4/4
     0 | D:1      | magus.rc [v1.9.6]
    44 | D:1      | Reached XP level 2. HP: 27/32 MP: 6/6
   106 | D:1      | HP: 3/32 [goblin/sling bullet (6)]
   391 | D:1      | Learned a level 2 spell: Call Canine Familiar
   469 | D:1      | Reached skill level 5 in Summonings
   469 | D:1      | Reached XP level 3. HP: 31/40 MP: 0/7
   920 | D:1      | Reached XP level 4. HP: 43/48 MP: 8/8
   924 | D:1      | Learned a level 3 spell: Call Chameleon
  1199 | D:2      | Reached skill level 6 in Summonings
  1507 | D:2      | Noticed Duvessa
  1512 | D:2      | Noticed Dowan
  1513 | D:2      | Killed Duvessa
  1514 | D:2      | Reached XP level 5. HP: 52/56 MP: 4/9
  1516 | D:2      | Killed Dowan
  1601 | D:2      | Noticed Prince Ribbit
  1606 | D:2      | Reached skill level 7 in Summonings
  1643 | D:2      | Killed Prince Ribbit
  1748 | D:2      | Noticed a water moccasin
  1752 | D:2      | Killed a water moccasin
  1753 | D:2      | Reached XP level 6. HP: 57/72 MP: 5/10
  1901 | D:2      | Reached skill level 8 in Summonings
  1931 | D:2      | Reached skill level 2 in Dodging
  2006 | D:2      | Reached skill level 1 in Fighting
  2259 | D:2      | Reached XP level 7. HP: 81/81 MP: 3/11
  2486 | D:2      | Reached skill level 2 in Fighting
  2691 | D:2      | Found Iryoxuf's Antique Weapon Shoppe.
  2720 | D:2      | Reached skill level 3 in Dodging
  3436 | D:2      | Reached skill level 3 in Fighting
  3610 | D:2      | magus.rc [v1.9.6]
  4291 | D:3      | magus.rc [v1.9.6]
  4291 | D:3      | magus.rc [v1.9.6]
  4369 | D:3      | Reached skill level 4 in Dodging
  4630 | D:3      | Reached skill level 4 in Fighting
  4853 | D:2      | Bought a runed heater shield for 202 gold pieces
  4894 | D:3      | Reached XP level 8. HP: 88/90 MP: 6/12
  5382 | D:4      | Identified the cursed ring of the Soothsayer {rPois rC+
                  | Str-3 Int+4 Slay+5, (Curse: *Drain)}
  6129 | D:4      | Found a staircase to the Ecumenical Temple.
  6137 | D:4      | Reached skill level 5 in Fighting
  6137 | D:4      | Reached skill level 5 in Dodging
  6148 | Temple   | Entered the Ecumenical Temple
  6317 | Temple   | Became a worshipper of Ashenzari the Ephemeral
  7020 | D:5      | Entered Level 5 of the Dungeon
  7022 | D:5      | Found a flagged portal.
  7080 | Bailey   | Entered a bailey
  7496 | Bailey   | Identified a potion of experience
  7718 | Bailey   | Reached skill level 10 in Fighting
  7718 | Bailey   | Reached skill level 9 in Dodging
  7718 | Bailey   | Reached XP level 9. HP: 99/99 MP: 13/13
  7832 | Bailey   | Learned a level 5 spell: Summon Lightning Spire
  8000 | D:5      | Reached skill level 1 in Air Magic
  8048 | D:5      | Reached skill level 2 in Air Magic
  8109 | D:5      | Noticed a two-headed ogre
  8112 | D:5      | Noticed a two-headed ogre
  8354 | D:5      | Reached skill level 3 in Air Magic
  8373 | D:5      | Noticed an eight-headed hydra
  8565 | D:5      | Identified the cursed +8 dagger "Ahothuv" {vamp, *Slow
                  | rElec MR++, (Curse: rC-)}
  8669 | D:5      | Killed an eight-headed hydra
  8670 | D:5      | Reached skill level 4 in Air Magic
  8670 | D:5      | Reached XP level 10. HP: 108/108 MP: 3/14
  8845 | D:5      | Noticed a two-headed ogre
  8858 | D:5      | Reached skill level 5 in Air Magic
  8875 | D:5      | Killed a two-headed ogre
  8923 | D:5      | Killed a two-headed ogre
  9008 | D:5      | Noticed a wizard
  9015 | D:5      | Killed a wizard
  9099 | D:5      | Reached * piety under Ashenzari
  9197 | D:5      | Identified the Papyrus of the Arsonist
  9198 | D:5      | You add the spells Shock, Flame Tongue, Conjure Flame,
                  | Inner Flame, Still Winds, Ice Form and Olgreb's Toxic
                  | Radiance to your library.
  9200 | D:5      | You pick up a book of Death and begin reading...
  9200 | D:5      | You add the spells Corpse Rot, Excruciating Wounds and Bolt
                  | of Draining to your library.
  9225 | D:5      | Reached skill level 6 in Air Magic
  9231 | D:5      | Noticed a two-headed ogre
  9235 | D:5      | Killed a two-headed ogre
  9236 | D:5      | Reached skill level 9 in Summonings
  9254 | D:5      | Killed a two-headed ogre
  9283 | D:5      | Noticed a manticore
  9286 | D:5      | Killed a manticore
  9357 | D:5      | Found a staircase to the Lair.
  9364 | D:5      | Reached skill level 1 in Slings
  9364 | D:5      | Reached skill level 10 in Summonings
  9364 | D:5      | Reached XP level 11. HP: 128/128 MP: 15/15
  9418 | D:5      | Found an iron altar of Okawaru.
  9419 | D:5      | Found an ancient bone altar of Kikubaaqudgha.
  9419 | D:5      | Found an opulent altar of Gozag.
  9419 | D:5      | Found a burning altar of Makhleb.
  9432 | D:5      | Noticed a tengu warrior
  9442 | D:5      | Killed a tengu warrior
  9443 | D:5      | Reached skill level 2 in Slings
 10091 | D:5      | Reached skill level 3 in Slings
 10176 | D:6      | Noticed a boulder beetle
 10185 | D:6      | You pick up a book of Cantrips and begin reading...
 10185 | D:6      | You add the spells Confusing Touch and Magic Candle to your
                  | library.
 10190 | D:6      | Identified the ring "Kezirher" {rPois rN+ Str+7}
 10194 | D:6      | Found a snail-covered altar of Cheibriados.
 10196 | D:6      | Noticed a two-headed ogre
 10213 | D:6      | Killed a two-headed ogre
 10214 | D:6      | Reached skill level 4 in Slings
 10457 | D:6      | Reached skill level 5 in Slings
 10459 | D:6      | Killed an unseen horror
 10462 | D:6      | HP: 32/128 [barbs]
 10702 | D:6      | Noticed a death knight
 10832 | D:6      | Reached skill level 6 in Slings
 10895 | D:6      | Noticed a two-headed ogre
 10906 | D:6      | Killed a two-headed ogre
 11005 | D:6      | Noticed a two-headed ogre
 11010 | D:6      | Killed a two-headed ogre
 11011 | D:6      | Reached skill level 7 in Slings
 11028 | D:6      | magus.rc [v1.9.6]
 11028 | D:6      | Found an ornate altar of the Wu Jian Council.
 11028 | D:6      | Found a shimmering altar of Xom.
 11028 | D:6      | Found a sacrificial altar of Ru.
 11087 | D:6      | Noticed a skeletal warrior
 11093 | D:6      | Killed a skeletal warrior
 11127 | D:6      | Noticed Jorgrun
 11138 | D:6      | Killed Jorgrun
 11139 | D:6      | Reached skill level 9 in Slings
 11165 | D:6      | Killed a death knight
 11369 | D:6      | Killed an unseen horror
 11532 | D:6      | Noticed a boulder beetle
 11538 | D:6      | Killed a boulder beetle
 11539 | D:6      | Gained mutation: You can plant your roots to grant stasis
                  | and boost your AC and Regeneration. Uprooting yourself
                  | takes awhile, however. [Lignifite growth]
 11539 | D:6      | Reached XP level 12. HP: 114/138 MP: 9/16
 11591 | D:6      | Noticed Circe
 11613 | D:6      | Noticed a sphinx
 11616 | D:6      | Killed Circe
 11617 | D:6      | Reached skill level 10 in Slings
 11946 | D:6      | Reached ** piety under Ashenzari
 11947 | D:6      | Identified a +0 robe of the Archmagi
 11947 | D:6      | Noticed Josephine
 11980 | D:6      | HP: 31/138 [orc knight/bolt (21)]
 11980 | D:6      | HP: 12/138 [Josephine/ghostly fireball (17)]
 11983 | D:6      | Killed Josephine
 12014 | D:6      | HP: 26/138 [orc knight/bolt (8)]
 12324 | D:6      | Found a staircase to the Orcish Mines.
 12547 | Lair:1   | Entered Level 1 of the Lair of Beasts
 12547 | Lair:1   | Noticed an eidolon
 12547 | Lair:1   | Noticed an eidolon
 12550 | Lair:1   | Reached skill level 11 in Fighting
 12551 | Lair:1   | Killed an eidolon
 12553 | Lair:1   | Killed from afar by a giraffe zombie

Vanquished Creatures
  An eidolon (Lair:1)
  2 two-headed ogres (D:6)
  2 hydras
  2 wraiths (Lair:1)
  A giraffe zombie (Lair:1)
  A hippogriff (D:5)
  A yak (D:5)
  A wyvern (D:5)
  A warg (D:5)
  A guardian mummy (Lair:1)
  4 bone scorpions (Lair:1)
  An orc warrior (D:6)
  4 scorpions
  3 phantoms
  A porcupine (D:6)
  A necrophage (D:6)
  An ice beast (D:6)
  An ogre (D:5)
  An elephant skeleton (Lair:1)
  A rock worm zombie (D:6)
  2 spiny frog zombies (Lair:1)
  A centaur (D:5)
  A spiny frog skeleton (Lair:1)
  A howler monkey (D:5)
  A wight (D:6)
  3 jellies (D:4)
  A hound (D:5)
  An iguana (D:5)
  3 orc priests (D:5)
  2 worker ants
  A crocodile skeleton (Lair:1)
  A giant cockroach (D:1)
  A wolf zombie (Lair:1)
  A porcupine skeleton (Lair:1)
  2 adders (D:6)
  3 cinder newts
  3 bullfrogs
  3 dart slugs
  5 leopard geckos
  10 orcs
  A ball python (D:2)
  2 bullfrog skeletons (Lair:1)
  A goblin (D:1)
  3 hobgoblins
  2 jackals (D:4)
  2 quokkas
  4 bats
  2 kobolds (D:1)
  5 rats (D:1)
  5 withered plants (D:2)
104 creatures vanquished.

Vanquished Creatures (collateral kills)
  Jorgrun (D:6)
  Circe (D:6)
  A death knight (D:6)
  A boulder beetle (D:6)
  A skeletal warrior (D:6)
  2 unseen horrors (D:6)
  6 two-headed ogres
  A tengu warrior (D:5)
  A wizard (D:5)
  2 manticores
  A gargoyle (D:6)
  3 trolls (D:6)
  A hornet (D:5)
  3 wraiths (D:6)
  A steam dragon (D:5)
  6 yaks
  3 hippogriffs (D:5)
  2 hogs (D:6)
  2 hungry ghosts (D:5)
  An acid dragon (D:6)
  3 slime creatures
  A bone scorpion (D:4)
  2 wargs (D:5)
  2 water moccasins (D:2)
  Duvessa (D:2)
  A necrophage (D:6)
  5 orc warriors
  2 eyes of draining (D:5)
  2 scorpions (D:3)
  2 sky beasts
  A small abomination (D:6)
  3 ice beasts
  3 ogres
  4 crocodiles
  7 big kobolds
  2 centaurs
  Dowan (D:2)
  A howler monkey (D:6)
  5 killer bees (D:5)
  A quasit (D:5)
  Prince Ribbit (D:2)
  4 orc priests
  2 hounds (D:5)
  6 jellies
  5 orc wizards
  3 wyvern zombies
  5 iguanas
  7 worker ants
  3 wyvern skeletons
  8 giant cockroaches
  A haearbwca (D:3)
  A boggart zombie (D:6)
  A boggart skeleton (D:4)
  A porcupine skeleton (D:3)
  5 adders
  16 gnolls
  19 sewer rats (D:2)
  10 cinder newts
  2 worms (D:2)
  6 bullfrogs
  A worker ant zombie (D:5)
  A hound skeleton (D:5)
  6 oozes
  3 leopard geckos
  16 orcs
  5 adder skeletons
  An adder zombie (D:5)
  2 ball pythons (D:2)
  7 goblins
  12 hobgoblins
  35 kobolds
  A quokka (D:4)
  2 bats (D:1)
  A bat skeleton (D:2)
  2 hobgoblin skeletons (D:2)
  A kobold skeleton (D:2)
  2 plants
  2 withered plants (D:2)
295 creatures vanquished.

Vanquished Creatures (others)
  Josephine (D:6)
  A human (D:6)
  An ogre (D:5)
  An orc wizard (D:5)
  A wolf zombie (Lair:1)
  A sewer rat (D:2)
  A worm (D:3)
  A jackal (D:4)
  A kobold skeleton (D:2)
  2 bushes (D:6)
  2 butterflies
  A giant blowfly (D:2)
  12 plants
  5 slimeheads (D:2)
  55 withered plants (D:2)
86 creatures vanquished.

Grand Total: 485 creatures vanquished

Table legend:
 A = Non-vault XP
 B = Vault XP
 C = Vault XP percentage of total XP
 D = Non-vault monster count
 E = Vault monster count
 F = Vault count percentage of total count
                 A         B        C        D         E       F
            +---------+---------+-------+---------+---------+-------
      Total |   14119 |   14184 |  50.1 |     279 |     117 |  29.5
            +---------+---------+-------+---------+---------+-------
        D:1 |     127 |       0 |   0.0 |      33 |       0 |   0.0
        D:2 |     720 |     222 |  23.6 |      69 |       5 |   6.8
        D:3 |     371 |      77 |  17.2 |      33 |       2 |   5.7
        D:4 |     568 |       0 |   0.0 |      30 |       0 |   0.0
        D:5 |    3081 |    4707 |  60.4 |      64 |      45 |  41.3
        D:6 |    9252 |    5113 |  35.6 |      50 |       8 |  13.8
     Lair:1 |       0 |    3878 | 100.0 |       0 |      23 | 100.0
     Bailey |       0 |     187 | 100.0 |       0 |      34 | 100.0
            +---------+---------+-------+---------+---------+-------

Illustrated notes

Table legend:
 A = Kills in this place as a percentage of kills in entire the game.
 B = Kills by you in this place as a percentage of kills by you in the entire game.
 C = Kills by friends in this place as a percentage of kills by friends in the entire game.
 D = Other kills in this place as a percentage of other kills in the entire game.
 E = Experience gained in this place as a percentage of experience gained in the entire game.
 F = Experience gained in this place divided by the number of levels of this place that you have seen.
                   A       B       C       D       E      F
               +-------+-------+-------+-------+-------+----------------------
         Total | 100.0 | 100.0 | 100.0 | 100.0 | 100.0 | 3144.8
       Dungeon |  85.6 |  76.5 |  88.7 |  85.7 |  85.6 | 4039.7
          Lair |   5.8 |  22.4 |   0.0 |  14.3 |  13.7 | 3878.0
        Bailey |   8.6 |   1.0 |  11.3 |   0.0 |   0.7 | 187.0
               +-------+-------+-------+-------+-------+----------------------

Table legend: (Time is in decaauts)
 A = Elapsed time spent in this place.
 B = Non-inter-level travel time spent in this place.
 C = Inter-level travel time spent in this place.
 D = Time resting spent in this place.
 E = Time spent auto-exploring this place.
 F = Levels seen in this place.
 G = Mean time per level.
                   A        B        C        D        E       F      G
               +--------+--------+--------+--------+--------+-----+--------+
         Total |  11310 |  10414 |    896 |   1734 |   5755 |   9 | 1256.7 |
       Dungeon |  10396 |   9517 |    879 |   1631 |   5346 |   6 | 1732.7 |
        Temple |    197 |    181 |     16 |      0 |    111 |   1 |  197.0 |
          Lair |      5 |      5 |      0 |      0 |      0 |   1 |    5.0 |
        Bailey |    711 |    711 |      0 |    103 |    297 |   1 |  711.0 |
               +--------+--------+--------+--------+--------+-----+--------+

Top non-repeatable levels by time:
     D:2: 2789 daAuts
     D:5: 2404 daAuts
     D:6: 1538 daAuts
     D:3: 1360 daAuts
     D:4: 1345 daAuts
     D:1: 958 daAuts
  Bailey: 711 daAuts
  Temple: 197 daAuts
  Lair:1: 5 daAuts
